 Dungeon Crawl Stone Soup version 0.31-a0-4-gefa6de2278 (webtiles) character file.

Game seed: 15113730653507317452

74 Morbidden the Magician (level 4, -3/24 HPs)
             Began as a Deep Elf Air Elementalist on May 4, 2023.
             Killed by divine providence
             ... invoked by an orc priest
              (11 damage)
             ... on level 3 of the Dungeon.
             The game lasted 00:02:19 (1870 turns).

Morbidden the Magician (Deep Elf Air Elementalist)  Turns: 1870, Time: 00:02:19

Health: -3/24      AC:  3    Str:  5    XL:     4   Next: 9%
Magic:  9/20       EV: 13    Int: 22    God:
Gold:   229        SH:  0    Dex: 15    Spells: 7/10 levels left

rFire   + . .        a - +1 dagger (venom)
rCold   . . .        (no shield)
rNeg    . . .        j - +0 robe
rPois   .            (no helmet)
rElec   .            k - +0 cloak
rCorr   .            (no gloves)
SInv    .            (no boots)
Will    .....        (no amulet)
Stlth   ++           f - ring of magical power
HPRegen 0.24/turn    p - ring of protection from fire
MPRegen 0.17/turn

%: no passive effects
@: no status effects
A: no striking features
a: no special abilities


You were on level 3 of the Dungeon.
You visited 1 branch of the dungeon, and saw 3 of its levels.

You collected 229 gold pieces.

Inventory:

Hand Weapons
 a - a +1 dagger of venom (weapon)
Armour
 j - a +0 robe (worn)
 k - a +0 cloak (worn)
Jewellery
 f - a ring of magical power (left hand)
 p - a ring of protection from fire (right hand)
Wands
 u - a wand of flame (17)
Scrolls
 e - 2 scrolls of identify {unknown}
 g - 4 scrolls of fog {unknown}
 h - 2 scrolls of enchant armour {unknown}
 o - a scroll of torment {unknown}
 q - 2 scrolls of magic mapping {unknown}
 r - 3 scrolls of teleportation {unknown}
 s - a scroll of enchant weapon {unknown}
 w - a scroll of fear {unknown}
Potions
 b - a potion of magic
 c - a potion of haste
 i - a potion of resistance
 l - a potion of degeneration {unknown}
 m - a potion of lignification
 n - a potion of invisibility {unknown}
 t - 2 potions of mutation {unknown}
 v - a potion of curing {unknown}


   Skills:
 * Level 0.6 Fighting
 * Level 1.0 Armour
 * Level 3.1 Dodging
 + Level 2.6 Stealth
 * Level 3.7 Spellcasting
 * Level 1.5 Conjurations
 * Level 3.5 Air Magic


You had 7 spell levels left.
You knew the following spells:

 Your Spells              Type           Power      Damage    Failure   Level
a - Shock                 Conj/Air       60%        1d6       4%          1
b - Static Discharge      Conj/Air       30%        2-4/arc   6%          2

Your spell library contained the following spells:

 Spells                   Type           Power      Damage    Failure   Level
 Swiftness                Air            19%        N/A       9%          3
 Sublimation of Blood     Necr           4%         N/A       17%         2
 Wereblood                Tmut           4%         N/A       17%         2
 Airstrike                Air            9%         2d(2-18)  26%         4
 Frozen Ramparts          Ice            8%         1d2       34%         3
 Ozocubu's Armour         Ice            4%         N/A       34%         3
 Ice Form                 Ice/Tmut       4%         N/A       75%         4
 Summon Ice Beast         Ice/Summ       4%         N/A       75%         4
 Ozocubu's Refrigeration  Ice            2%         4d7       100%        7
 Summon Hydra             Summ           2%         N/A       100%        7


Dungeon Overview and Level Annotations

Branches:
Dungeon (3/15)

Altars:
Xom


Message History

Casting: Shock (safe; 4% risk of failure)
Confirm with . or Enter, or press ? or * to list all spells.
Aiming: Shock (safe; 4% risk of failure)
Press: ? - help, Shift-Dir - straight line The zap hits the orc.
You kill the orc!
You kill the hobgoblin!
The orc hits you but does no damage.
Unknown command.
Unknown command.
Casting: Shock (safe; 4% risk of failure)
Confirm with . or Enter, or press ? or * to list all spells.
Aiming: Shock (safe; 4% risk of failure)
Press: ? - help, Shift-Dir - straight line, f - orc priest
Aim: an orc priest, wielding a +2 hand axe of venom (71% to hit)
The zap hits the orc but does no damage.
The zap hits the orc priest.
The orc priest is lightly wounded.
The orc hits you but does no damage.
Unknown command.
Unknown command.
It was a potion of cancellation.
Your magical effects are unravelling.
You feel magically purged.
You feel less wooden.
Your +0 cloak unmelds from your body.
Your +0 robe unmelds from your body.
You feel yourself slow down.
Your resistance to elements expires.
Unknown command.
Unknown command.
Unknown command.
Unknown command.
Unknown command.
Found a stone staircase leading up.
You kill the orc!
Your Armour skill increases to level 1!
You see here a hobgoblin corpse.
Okay, then.
Found 13 gold pieces.
The orc priest mumbles some strange prayers to Beogh against you.
Beogh smites you!
You die...

..... .. .... .# ...#.
.... ..# #.# #####<#
########
##.....#######...o†.#
###..######..@.o.####.#
##...## #...$########))#
#..######.#########.o.##
###......... #.......###
.....####### ##........#
###### ##......o..#
####..........#
#####....#........#
######.....#####...#...#


You could see an orc priest and an orc.

Vanquished Creatures
  3 adders
  A worm (D:2)
  2 dart slugs
  3 orcs (D:3)
  3 ball pythons
  A bat (D:2)
  4 endoplasms
  5 goblins
  4 hobgoblins
  3 frilled lizards (D:1)
  3 kobolds
  4 rats
36 creatures vanquished.

Notes
Turn   | Place    | Note
-------+----------+-------------------------------------------
     0 | D:1      | Morbidden the Deep Elf Air Elementalist began the quest for
                  | the Orb.
     0 | D:1      | Reached XP level 1. HP: 10/10 MP: 6/6
   400 | D:1      | Reached XP level 2. HP: 15/15 MP: 6/8
   902 | D:1      | Learned a level 2 spell: Static Discharge
  1048 | D:2      | Found a shimmering altar of Xom.
  1177 | D:2      | Reached XP level 3. HP: 20/20 MP: 10/10
  1681 | D:3      | Found a faded altar of an unknown god.
  1840 | D:3      | Reached XP level 4. HP: 4/24 MP: 8/11
  1864 | D:3      | Reached skill level 1 in Armour
  1870 | D:3      | Killed from afar by an orc priest

Illustrated notes

Levels and vault maps discovered:
D:1:      tarquinn_simple_flora_water_e, layout_loops_cross,
          supply_closet_lemuel
D:2:      layout_rooms, basic_altar, chequers_serial_rivers_micro_b,
          minmay_misc_feat_four_crosses
D:3:      layout_rooms, shapermc_ecumenical_altar_totnotflames,
          nicolae_nh_oracle_at_delphi

Skill      XL: |  1  2  3  4 |
---------------+-------------+-----
Dodging        | 3 |  3.1
Armour         | 1 |  1.0
Fighting       | |  0.6
Stealth        | |  2.6
Spellcasting   | |  3.7
Conjurations   | |  1.5
Air Magic      | |  3.5

Action                     |  1- 3 |  4- 6 || total
---------------------------+-------+-------++-------
  Melee: Dagger            |       |     5 ||     5
   Cast: Shock             |    88 |     4 ||    92
    Use: Potion            |       |     4 ||     4
 Armour: Robe              |     6 |       ||     6
         Skin              |       |     9 ||     9
  Dodge: Dodged            |    14 |     2 ||    16

Table legend: (Time is in decaauts)
 A = Elapsed time spent in this place.
 B = Non-inter-level travel time spent in this place.
 C = Inter-level travel time spent in this place.
 D = Time resting spent in this place.
 E = Time spent auto-exploring this place.
 F = Levels seen in this place.
 G = Mean time per level.
                   A        B        C        D        E       F      G
               +--------+--------+--------+--------+--------+-----+--------+
         Total |   1862 |   1804 |     58 |      0 |   1568 |   3 |  620.7 |
       Dungeon |   1862 |   1804 |     58 |      0 |   1568 |   3 |  620.7 |
               +--------+--------+--------+--------+--------+-----+--------+

Top non-repeatable levels by time:
     D:1: 911 daAuts
     D:2: 617 daAuts
     D:3: 333 daAuts
